AoeStats
← Sheeps

Four Lakes

509794273Analyzed
1v1 RM · 5d ago on Sep 28, 2026· 49m 12s· 2 players
Game mode
Random Map
Map size
Tiny (2 player)
Population
200
Speed
Normal
Resources
Standard
Victory
Conquest
Starting age
Dark Age
Ending age
Imperial Age
RankedLock teamsTeams togetherTeam positionsShared explorationLock speedFull tech treeHidden civsTurbo modeCheats
Victory
Defeat
🇨🇦 Danes · Canada
1012
+16
🇦🇷 Celts · Argentina
1021
-16
Sheeps
7:52 Loom
10:24 Feudal Age
14:35 Double-Bit Axe
14:31 Horse Collar
15:15 Fletching
16:34 Wheelbarrow
20:10 Castle Age
18:26 Town Watch
19:17 Stone Mining
20:40 Scale Mail Armor
20:50 Forging
20:37 Arson
21:17 Squires
21:53 Bow Saw
25:22 Chain Mail Armor
26:52 Iron Casting
37:16 Imperial Age
35:03 Hand Cart
35:46 Town Patrol
36:40 Bodkin Arrow
36:46 Padded Archer Armor
37:12 Heavy Plow
37:03 Gold Mining
37:48 Stone Shaft Mining
37:42 Ballistics
37:18 Murder Holes
37:34 Masonry
38:01 Thumb Ring
38:36 Elite Jomsviking
39:59 Conscription
40:15 Hoardings
41:36 Plate Mail Armor
42:21 Gold Shaft Mining
41:59 Bloodlines
41:50 Husbandry
41:41 Crossbowman
44:25 Chemistry
44:28 Blast Furnace
43:29 Bracer
43:35 Hamask
44:47 Leather Archer Armor
43:57 Cranequins
46:13 Northmen's Fury
Terere
9:47 Feudal Age
9:49 Man-at-Arms
10:36 Loom
11:21 Scale Mail Armor
11:54 Double-Bit Axe
16:22 Fishing Lines
22:22 Castle Age
21:57 Gold Mining
22:16 Scale Barding Armor
22:22 Forging
23:15 Husbandry
23:38 Chain Barding Armor
23:45 Bow Saw
23:28 Gillnets
25:59 Wheelbarrow
25:49 Horse Collar
29:42 Long Swordsman
30:28 Gambesons
30:05 Long Swordsman
31:14 Chain Mail Armor
33:23 Iron Casting
33:09 Light Cavalry
36:18 Iron Casting
41:05 Imperial Age
41:12 Two-Handed Swordsman
42:26 Plate Mail Armor
42:23 Conscription
41:59 Stronghold
41:33 Capped Ram
43:09 Gold Shaft Mining
42:24 Stone Mining
42:24 Champion
44:55 Blast Furnace
44:27 Siege Engineers
44:21 Arson
44:41 Siege Ram
45:10 Gambesons
45:11 Pikeman
45:42 Halberdier
Connection lost

Rejoining the realm…

Still unreachable

The connection could not be restored.

Session expired

The server has moved on; the page needs a fresh start.